 Dungeon Crawl Stone Soup version 0.26-b1-32-g5d43845318 (webtiles) character file.

Game seed: 10622422408887664506

101 Aviak the Firebug (level 4, 0/30 HPs)
             Began as a Demonspawn Fire Elementalist on Jan 12, 2021.
             Slain by a gnoll
             ... wielding a +0 spear of venom
              (3 damage)
             ... on level 2 of the Dungeon.
             The game lasted 00:03:02 (2056 turns).

Aviak the Firebug (Demonspawn Fire Elementalist)    Turns: 2056, Time: 00:03:03

Health: 0/30       AC:  3    Str:  5 (8)  XL:     4   Next: 48%
Magic:  3/8        EV: 11    Int: 17 (18) God:
Gold:   64         SH:  0    Dex: 12 (13) Spells: 2/9 levels left

rFire    . . .     SeeInvis .   b - +0 dagger
rCold    . . .     Faith    .   (no shield)
rNeg     . . .     Spirit   .   h - +0 leather armour
rPois    .         Reflect  .   (helmet restricted)
rElec    .         Harm     .   (no cloak)
rCorr    .         Rampage  .   (no gloves)
Will     .....                  (no boots)
Stlth    ++........             (no amulet)
HPRegen  0.10/turn              i - +4 ring of slaying
MPRegen  0.11/turn              (no ring)

@: lethally poisoned (0 -> -9), attractive
A: claws 1, horns 1, powered by death 1
a: no special abilities


You were on level 2 of the Dungeon.
You visited 1 branch of the dungeon, and saw 2 of its levels.

You collected 64 gold pieces.

Inventory:

Hand Weapons
 b - a +0 dagger (weapon)
Armour
 a - a +0 robe
 d - a +1 helmet
 h - a +0 leather armour (worn)
Jewellery
 i - a +4 ring of slaying (left claw)
Scrolls
 f - 3 scrolls of identify {unknown}
 g - a scroll of amnesia {unknown}
 j - a scroll of fear {unknown}
Potions
 c - a potion of attraction


   Skills:
 - Level 1.7 Dodging
 - Level 1.7 Stealth
 + Level 3.0 Spellcasting
 + Level 2.6 Conjurations
 + Level 3.5 Fire Magic


You had 2 spell levels left.
You knew the following spells:

 Your Spells              Type           Power        Failure   Level
a - Foxfire               Conj/Fire      48%          9%          1
b - Conjure Flame         Conj/Fire      12%          26%         3
c - Inner Flame           Hex/Fire       8%           38%         3

Your spell library contained the following spells:

 Spells                   Type           Power        Failure   Level
 Sticky Flame             Conj/Fire      12%          63%         4
 Fireball                 Conj/Fire      6%           93%         5


Dungeon Overview and Level Annotations

Branches:
Dungeon (2/15)

Altars:


Innate Abilities, Weirdness & Mutations

You have sharp fingernails.
You have a pair of small horns on your head.
You regenerate a little health from kills.


Message History

* * * LOW HITPOINT WARNING * * *
You feel sick.
The fire ignites!
* * * LOW HITPOINT WARNING * * *
You feel sick.
It was a potion of attraction.
You feel attractive to monsters.
* * * LOW HITPOINT WARNING * * *
You feel sick. The gnoll is pulled toward you! x2
It was a potion of degeneration.
There was something very wrong with that liquid.
You feel weakened.
You feel dopey.
You feel clumsy.
* * * LOW HITPOINT WARNING * * *
You feel sick. The gnoll barely misses you.
The gnoll is engulfed in blazing flames.
You kill the gnoll!
The gnoll closely misses you. The gnoll is pulled toward you!
* * * LOW HITPOINT WARNING * * *
You feel sick.
The gnoll hits you from afar with a +0 spear of venom.
You die...

...........# #..........#
#....÷.....##
#......÷..>.# ##
#.........<.## .
##........#..# .#
##......###.# ..# .
#####.####.#########.####
.. #..#.......@.g....(...
.(.
##.###.....####...####
#.# #..# ####...###)###
... #.## #....##.# #.##..
#.# ####.##.# ####.....#
#.# #...)####......# ##.#
#..........##### #..#
#.........).# #.##
#......###..#######


You could see a gnoll.

Vanquished Creatures
  3 adders (D:2)
  3 gnolls (D:2)
  2 dart slugs (D:1)
  2 leopard geckos (D:1)
  A ball python (D:2)
  3 bats
  2 giant cockroaches (D:1)
  5 hobgoblins
  2 jackals (D:1)
  A frilled lizard (D:1)
  6 goblins
  6 kobolds
  3 rats
39 creatures vanquished.

Vanquished Creatures (others)
  A goblin (D:1)
  46 foxfires
47 creatures vanquished.

Grand Total: 86 creatures vanquished

Notes
Turn   | Place    | Note
-------+----------+-------------------------------------------
     0 | D:1      | Aviak the Demonspawn Fire Elementalist began the quest for
                  | the Orb.
     0 | D:1      | Reached XP level 1. HP: 13/13 MP: 3/3
   158 | D:1      | Gained mutation: You have sharp fingernails. [demonic
                  | ancestry]
   158 | D:1      | Reached XP level 2. HP: 19/19 MP: 0/5
  1094 | D:1      | Gained mutation: You have a pair of small horns on your
                  | head. [demonic ancestry]
  1094 | D:1      | Reached XP level 3. HP: 24/24 MP: 2/6
  1353 | D:2      | Learned a level 3 spell: Conjure Flame
  1367 | D:2      | Learned a level 3 spell: Inner Flame
  1636 | D:2      | Gained mutation: You regenerate a little health from kills.
                  | [demonic ancestry]
  1636 | D:2      | Reached XP level 4. HP: 30/30 MP: 0/8
  2056 | D:2      | Slain by a gnoll

Illustrated notes

Levels and vault maps discovered:
D:1:      minmay_arrival_radiant_lines, layout_loops_ring, lemuel_flame_loot_1
D:2:      layout_rooms, minmay_misc_feat_hallway,
          nicolae_qazlal_eye_of_the_storm

Skill      XL: |  1  2  3  4 |
---------------+-------------+-----
Fire Magic     | 3 |  3.5
Conjurations   | 2 |  2.6
Spellcasting   | 3 |  3.0
Dodging        | |  1.7
Stealth        | |  1.7

Action                   |  1- 3 |  4- 6 || total
-------------------------+-------+-------++-------
Melee: Unarmed           |    11 |       ||    11
       Dagger            |    96 |     2 ||    98
       Headbutt          |     3 |       ||     3
 Cast: Foxfire           |    24 |     4 ||    28
       Conjure Flame     |       |     1 ||     1
  Use: Potion            |     1 |     2 ||     3
 Stab: Sleeping          |     4 |     1 ||     5
Armor: Robe              |    19 |       ||    19
       Leather armour    |    13 |     2 ||    15
Dodge: Dodged            |    63 |    10 ||    73
